 Dungeon Crawl Stone Soup version 0.22-a0-253-gf9d0ce56dd (webtiles) character file.

102776 Psiweapon the Blocker (level 16, -10/127 HPs)
             Began as a Formicid Fighter on Oct 26, 2016.
             Was an Elder of Cheibriados.
             Killed from afar by a Hell Sentinel (25 damage)
             ... with an iron shot
             ... on level 3 of the Abyss on Mar 3, 2018.
             The game lasted 02:20:53 (22081 turns).

Psiweapon the Blocker (Formicid Fighter)           Turns: 22081, Time: 02:20:53

Health: -10/127    AC: 32    Str: 36    XL:     16   Next: 87%
Magic:  10/25      EV: 11    Int: 28    God:    Cheibriados [****..]
Gold:   1688       SH: 16    Dex: 26    Spells: 15/27 levels left

rFire    + + .     SeeInvis +   i - +4 quarterstaff of Umido {flame, Fragile rF+ rC+++ SInv}
rCold    + + +     Gourm    .   c - +0 shield
rNeg     . . .     Faith    .   l - +4 chain mail {rF+}
rPois    .         Spirit   .   (helmet unavailable)
rElec    .         Reflect  .   C - +2 cloak
rCorr    .         Harm     .   n - +5 pair of gloves "Comom" {rC+ Int+9}
MR       +....                  Z - +1 pair of boots {Stlth+}
Stlth    +++++++...             v - amulet of regeneration
HPRegen  0.71/turn              O - ring of Shadows {Umbra +Inv Stlth+}
MPRegen  0.19/turn              T - +3 ring of dexterity

@: wreathed by umbra, very slow
A: permanent stasis, dig shafts and tunnels, four strong arms, antennae 3,
talons 1, slimy green scales 1, thin metallic scales 1, thin skeletal structure
1, blurry vision 1, deterioration 1, screaming 1
a: Dig, Shaft Self, Bend Time, Temporal Distortion, Slouch, Renounce Religion,
Evoke Invisibility


You were on level 3 of the Abyss.
You worshipped Cheibriados.
Cheibriados was greatly pleased with you.
You were not hungry.

You visited 4 branches of the dungeon, and saw 22 of its levels.
You visited the Abyss 1 time.
You also visited: Labyrinth and Volcano.

You collected 2633 gold pieces.
You spent 945 gold pieces at shops.

Inventory:

Hand Weapons
 a - the +10 morningstar "Eos" {elec, Halo rElec}
   (You found it on level 8 of the Dungeon)

   Occasionally, upon striking a foe, it will discharge some electrical energy
   and cause terrible harm.
   It insulates you from electricity.
 b - the cursed +2 halberd of Prudence {antimagic, Dex+5}
   (You found it on level 13 of the Dungeon)

   It reduces the magical energy of the wielder, and disrupts the spells and
   magical abilities of those hit.
   Natural abilities and divine invocations are not affected.
   It affects your dexterity (+5).
   It has a curse placed upon it.
 i - the +4 quarterstaff of Umido (weapon) {flame, Fragile rF+ rC+++ SInv}
   (You bought it in a shop on level 9 of the Dungeon)

   It has been specially enchanted to burn those struck by it, causing extra
   injury to most foes and up to half again as much damage against particularly
   susceptible opponents.
   It protects you from fire.
   It renders you almost immune to cold.
   It lets you see invisible.
   It will be destroyed if unequipped.
 S - a +0 great mace of flaming
 W - a +0 scimitar of electrocution
Missiles
 g - 7 javelins (quivered)
 s - 20 bolts
 J - 19 tomahawks
Armour
 c - a +0 shield (worn)
 l - a +4 chain mail of fire resistance (worn)
 n - the +5 pair of gloves "Comom" (worn) {rC+ Int+9}
   (You found it on level 9 of the Dungeon)

   It affects your intelligence (+9).
   It protects you from cold.
 r - +0 ice dragon scales
 C - a +2 cloak (worn)
 Z - a +1 pair of boots of stealth (worn)
Jewellery
 u - an uncursed ring of protection from fire
 v - an amulet of regeneration (around neck)
 y - an uncursed ring of poison resistance
 z - an uncursed ring of protection from cold
 O - the ring of Shadows (left hand) {Umbra +Inv Stlth+}
   (You bought it in a shop on level 1 of the Orcish Mines)

   [ring of stealth]

   It lets you turn invisible.
   It makes you more stealthy.
 P - an uncursed ring of magical power
 T - a +3 ring of dexterity (right hand)
 V - an uncursed ring of resist corrosion
 X - an uncursed ring of positive energy
Wands
 e - a wand of removedness (10)
 h - a wand of iceblast (4)
 m - a wand of digging (12)
 p - a wand of removedness (1)
 D - a wand of flame (47)
 F - a wand of clouds
 H - a wand of iceblast (12)
 U - a wand of disintegration (30)
Scrolls
 t - 2 scrolls of identify
 G - 10 scrolls of remove curse
 I - a scroll of fear
 L - 5 scrolls of removedness
Potions
 d - 2 potions of might
 j - 3 potions of agility
 k - a potion of ambrosia {unknown}
 q - 3 potions of curing
 w - 3 potions of brilliance
 x - 4 potions of lignification
 E - 2 potions of mutation
 K - 2 potions of flight
 N - 2 potions of cancellation
 Q - 2 potions of magic {unknown}
 R - a potion of invisibility {unknown}
Miscellaneous
 A - a lamp of fire
 Y - a phial of floods
Comestibles
 f - 19 rations
 o - a ration
 B - 7 rations


   Skills:
 - Level 11.9 Fighting
 - Level 7.9(9.5) Maces & Flails
 - Level 8.2(9.6) Staves
   Level 1.3(4.7) Slings
 - Level 6.5(6.6) Throwing
 - Level 11.9 Armour
 - Level 2.1 Dodging
 - Level 11.8 Stealth
 - Level 13.5 Shields
 - Level 6.1 Spellcasting
 - Level 0.3 Conjurations
 + Level 9.0 Transmutations
 + Level 9.8 Earth Magic
 - Level 10.4 Invocations


You had 15 spell levels left.
You knew the following spells:

 Your Spells              Type           Power        Failure   Level  Hunger
a - Magic Dart            Conj           ##..         16%         1    None
b - Sandblast             Erth           ######       1%          1    None
c - Passwall              Tmut/Erth      ######....   1%          2    None
d - Slow                  Hex            #.......     26%         2    None
e - Freeze                Ice            #...         19%         1    None
f - Petrify               Tmut/Erth      ######..     3%          4    ###....
g - Summon Butterflies    Summ           #.......     19%         1    None


Dungeon Overview and Level Annotations

Branches:
Dungeon (13/15)            Temple (0/1) D:6            Lair (6/6) D:8
 Shoals (0/4) Lair:3        Slime (0/5) Lair:5          Orc (2/2) D:11
    Elf (1/3) Orc:2
  Snake: Lair:2-4    Spider: Lair:2-4    Vaults: D:13-14

Altars:
Ashenzari
Cheibriados
Dithmenos
Elyvilon
Kikubaaqudgha
Nemelex Xobeh
Okawaru
Qazlal
Trog
Uskayaw
Xom
The Shining One
Beogh
Jiyva

Shops:
D:8 (   D:9 (   Orc:1 =   Orc:2 (*([

Portals:
Trove: D:11 (give +6 demon trident)

Annotations:
Lair:2 exclusion: downstairs
Lair:3 1 exclusion
Lair:4 1 runed door
Lair:6 exclusion: oklob plant


Innate Abilities, Weirdness & Mutations

You cannot be hasted, slowed, berserked, paralysed or teleported.
You can dig through walls and to a lower floor.
Your four strong arms can wield two-handed weapons with a shield.
You have a pair of large antennae on your head. (SInv)
You have sharp toenails.
You are partially covered in slimy green scales. (AC +2)
You are partially covered in thin metallic scales. (AC +2)
You have a somewhat thin skeletal structure. (Dex +2, Stealth)
Scrolls take you a little longer to read.
Your body sometimes deteriorates upon taking damage.
You occasionally shout uncontrollably at your foes.


Message History

You start resting.
A large abomination comes into view.
You start resting.
A Hell Sentinel comes into view.
You extend your mandibles.
You dig through the rock wall.
You hear a roar!
The Hell Sentinel gestures at you.
The sphere of damnation explodes!
The damnation engulfs you!
* * * LOW HITPOINT WARNING * * *
You hear a screech!
You dig through the rock wall.
You feel a little less mighty now.
Found an abyssal rune of Zot.
You retract your mandibles.
Found 37 gold pieces.
A ynoxinul comes into view.
The Hell Sentinel gestures at you. The iron shot hits you!
You die...

..##. ##
##..3. .#
.#.....# .## #
# ........#.φ
# { #.
.....#..# . .#
#.$##.......#
# #.....##...#
.##.. .
#........@#
...
##......#.##.#
.####..#∩...#
#1###....#
##...##.#.....
#.# .# .# ##.#
# #...##..#
#.....# #...
##..#..#......
...# ##.1#.#.
#...


You could see a Hell Sentinel and a ynoxinul (wandering).

Vanquished Creatures
  Rupert (D:13)
  3 tentacled starspawn (Abyss:3)
  Kirke (Lair:4)
  Gastronok (Lair:1)
  Snorg (D:13)
  An ettin (Orc:1)
  A deep elf death mage (Elf:1)
  2 blizzard demons
  3 catoblepae (Lair:6)
  7 hydras
  A rakshasa (Abyss:2)
  The ghost of jotwebe the Arsonist, a journeyman DrTm of Vehumet (Volcano)
  A death knight (D:11)
  A centaur warrior (D:13)
  2 dancing weapons (Elf:1)
  A thrashing horror (Abyss:3)
  5 death yaks (Lair:6)
  9 orc high priests (Orc:2)
  Urug (D:13)
  2 deep elf knights (Elf:1)
  A fire crab (Volcano)
  2 wretched stars (Abyss:3)
  A sun demon (Abyss:2)
  A sixfirhy (Abyss:2)
  The ghost of Zigma the Transmogrifier, a novice DrTm (D:8)
  2 unseen horrors
  2 removed
  MONS_HILL_GIANTs (D:10)
  A lindwurm (Volcano)
  2 deep elf archers (Elf:1)
  4 necromancers (Elf:1)
  6 deep elf magi
  An ugly thing (D:6)
  The ghost of Infinimo the Cleaver, a novice DsBe of Trog (D:10)
  2 orc sorcerers (Orc:2)
  3 manticores
  A torpor snail (Lair:4)
  6 elephants (Lair:6)
  4 black mambas
  2 smoke demons
  2 molten gargoyles (Volcano)
  An eye of devastation (shapeshifter) (Abyss:3)
  An apocalypse crab (Abyss:2)
  10 spiny frogs
  A gargoyle (D:13)
  A rime drake (Lair:2)
  6 komodo dragons
  2 jumping spiders (Lair:3)
  A hornet (D:11)
  A meliai (shapeshifter) (Abyss:3)
  4 polar bears
  2 trolls
  A two-headed ogre (D:11)
  Prince Ribbit (D:7)
  5 dream sheep
  10 large abominations
  29 blink frogs
  12 hippogriffs
  5 raiju
  An air elemental (Elf:1)
  3 redbacks (Lair:3)
  2 spriggans
  A ynoxinul (Abyss:3)
  12 fire bats (Volcano)
  5 wyverns
  5 hogs (Lair:4)
  55 yaks
  4 basilisks
  2 vampire mosquitoes (D:13)
  Edmund (D:5)
  5 hungry ghosts
  6 wargs
  A hell hound (Volcano)
  14 orc warriors
  17 water moccasins
  13 porcupines
  4 sky beasts
  A black bear (Lair:3)
  An eye of draining (D:12)
  A necrophage (D:11)
  5 ogres
  A phantom (D:6)
  10 wolves
  8 centaurs
  2 big kobolds
  3 elf zombies (Elf:1)
  16 crocodiles
  9 bullfrogs
  2 earth elementals (Lab)
  4 small abominations
  A gnoll sergeant (Orc:2)
  A wyvern zombie (D:7)
  2 scorpions
  9 killer bees
  The ghost of donomii the Skirmisher, a weakling DsAK of Lugonu (D:3)
  9 wights (D:10)
  2 vampire bats (D:2)
  8 electric eels
  8 howler monkeys
  10 lava snakes
  A bullfrog zombie (D:6)
  3 crimson imps
  A centaur zombie (D:6)
  A quasit (D:5)
  17 starcursed masses (Abyss:3)
  4 jellies
  5 hounds
  15 orc wizards
  A centaur skeleton (D:9)
  32 orc priests
  8 iguanas
  Natasha (thrice) (D:2)
  7 worker ants
  A hound zombie (D:10)
  A hound skeleton (D:4)
  Robin (D:2)
  6 gnolls
  12 adders
  2 shadow imps
  An ooze (D:6)
  An adder skeleton (D:7)
  A worm (D:2)
  2 dart slugs
  6 leopard geckos
  115 orcs
  4 bat skeletons (D:2)
  A bat zombie (D:2)
  6 giant cockroaches
  14 goblins
  15 hobgoblins
  4 jackals (D:5)
  15 kobolds
  6 quokkas
  3 ball pythons
  A ball python zombie (D:6)
  4 bats
  2 frilled lizards
  2 leopard gecko skeletons (D:4)
  A leopard gecko zombie (D:6)
  6 rats
  2 plants
781 creatures vanquished.

Vanquished Creatures (collateral kills)
  A komodo dragon (Lair:3)
  A water moccasin (Lair:3)
  An iguana (Lair:3)
3 creatures vanquished.

Vanquished Creatures (others)
  A minotaur (Lab)
  A necromancer (Elf:1)
  A yak (Lair:6)
  A quasit (Abyss:3)
  20 fungi
  21 plants
  11 starspawn tentacles (Abyss:3)
56 creatures vanquished.

Grand Total: 840 creatures vanquished

Notes
Turn   | Place    | Note
-------+----------+-------------------------------------------
     0 | D:1      | Psiweapon the Formicid Fighter began the quest for the Orb.
     0 | D:1      | Reached XP level 1. HP: 18/18 MP: 1/1
   108 | D:1      | Upgraded the game from 0.19-a0-1933-g052ff51 to 0.20-a0-2-g2b0e13a
   153 | D:1      | Reached XP level 2. HP: 22/24 MP: 2/2
   758 | D:2      | Reached XP level 3. HP: 27/29 MP: 3/3
  1236 | D:2      | Noticed Natasha
  1243 | D:2      | Killed Natasha
  1243 | D:2      | Reached skill level 4 in Shields
  1243 | D:2      | Reached XP level 4. HP: 32/37 MP: 4/4
  1387 | D:2      | Noticed Robin
  1400 | D:2      | Killed Robin
  1422 | D:2      | Noticed Natasha
  1429 | D:2      | Killed Natasha
  1429 | D:2      | Reached skill level 1 in Slings
  1429 | D:2      | Reached XP level 5. HP: 20/42 MP: 5/5
  1635 | D:2      | Learned a level 1 spell: Magic Dart
  1825 | D:2      | Noticed Natasha
  1832 | D:2      | Killed Natasha
  2041 | D:2      | Found an ancient bone altar of Kikubaaqudgha.
  2066 | D:2      | Reached XP level 6. HP: 47/48 MP: 6/6
  2278 | D:3      | Noticed donomii's ghost (weakling DsAK)
  2295 | D:3      | Killed donomii's ghost
  2443 | D:3      | Found a shattered altar of Ashenzari.
  2763 | D:4      | Reached skill level 5 in Shields
  2773 | D:4      | Reached XP level 7. HP: 45/54 MP: 7/7
  3300 | D:5      | Entered Level 5 of the Dungeon
  3332 | D:5      | Reached skill level 5 in Staves
  3332 | D:5      | Reached skill level 1 in Dodging
  3375 | D:4      | Reached skill level 6 in Shields
  3445 | D:4      | Found a sparkling altar of Nemelex Xobeh.
  4332 | D:3      | Found a snail-covered altar of Cheibriados.
  4335 | D:3      | Became a worshipper of Cheibriados the Contemplative
  4481 | D:3      | Reached XP level 8. HP: 57/61 MP: 8/8
  4500 | D:3      | Found a hide-covered altar of Uskayaw.
  5172 | D:4      | Reached skill level 5 in Armour
  5420 | D:5      | Reached skill level 1 in Maces & Flails
  5432 | D:5      | Reached * piety under Cheibriados
  5477 | D:5      | Noticed Edmund
  5678 | D:5      | Killed Edmund
  5678 | D:5      | Reached skill level 7 in Shields
  5720 | D:5      | Gained mutation: You are robust. (+10% HP) [potion of mutation]
  5720 | D:5      | Gained mutation: You occasionally shout uncontrollably at your foes. [potion of mutation]
  5720 | D:5      | Gained mutation: Your flesh is heat resistant. (rF+) [potion of mutation]
  5721 | D:5      | Gained mutation: Your system is resistant to poisons. (rPois) [potion of mutation]
  5721 | D:5      | Gained mutation: Your spells are a little harder to cast, but a little more powerful. [potion of mutation]
  5721 | D:5      | Gained mutation: Your natural rate of healing is unusually fast. [potion of mutation]
  5989 | D:6      | Found a glowing golden altar of the Shining One.
  6068 | D:6      | Found a staircase to the Ecumenical Temple.
  6322 | D:6      | Found a shadowy altar of Dithmenos.
  6424 | D:6      | Reached ** piety under Cheibriados
  6458 | D:6      | Found a bloodstained altar of Trog.
  6582 | D:7      | Reached skill level 5 in Fighting
  6582 | D:7      | Reached XP level 9. HP: 71/74 MP: 9/9
  6703 | D:6      | Noticed a white ugly thing
  6714 | D:6      | Killed a white ugly thing
  6718 | D:6      | Reached skill level 5 in Maces & Flails
  6725 | D:6      | Lost mutation: You are robust. (+10% HP) [mutagenic meat]
  6726 | D:6      | Lost mutation: Your spells are a little harder to cast, but a little more powerful. [mutagenic meat]
  6727 | D:6      | Gained mutation: Your flesh is very heat resistant. (rF++) [mutagenic meat]
  7215 | D:6      | Found a white marble altar of Elyvilon.
  7382 | D:7      | Noticed Prince Ribbit
  7387 | D:7      | Reached *** piety under Cheibriados
  7400 | D:7      | Killed Prince Ribbit
  7400 | D:7      | Reached skill level 1 in Stealth
  7400 | D:7      | Reached XP level 10. HP: 74/74 MP: 10/10
  7429 | D:7      | Reached skill level 8 in Shields
  7494 | D:7      | Found an iron altar of Okawaru.
  7817 | D:8      | Noticed Zigma's ghost (novice DrTm)
  7835 | D:8      | Killed Zigma's ghost
  7909 | D:8      | Learned a level 1 spell: Sandblast
  8086 | D:8      | Reached **** piety under Cheibriados
  8094 | D:8      | Reached skill level 1 in Invocations
  8174 | D:8      | Found a stormy altar of Qazlal.
  8209 | D:8      | Found Goeph's Weapon Shop.
  8261 | D:8      | Found a shimmering altar of Xom.
  8371 | D:10     | Entered Level 10 of the Dungeon
  8602 | D:8      | Found a staircase to the Lair.
  8607 | Lair:1   | Entered Level 1 of the Lair of Beasts
  8745 | Lair:1   | Reached skill level 9 in Shields
  8828 | Lair:1   | Noticed a spiny frog
  8830 | Lair:1   | Killed a spiny frog
  8830 | Lair:1   | Reached XP level 11. HP: 81/81 MP: 14/14
  8845 | Lair:1   | Noticed Gastronok
  8866 | Lair:1   | Killed Gastronok
  8866 | Lair:1   | Reached skill level 10 in Shields
  9101 | Lair:2   | Noticed a five-headed hydra
  9108 | Lair:2   | Killed a five-headed hydra
  9479 | Lair:2   | Noticed a five-headed hydra
  9488 | Lair:2   | Killed a five-headed hydra
  9488 | Lair:2   | Reached skill level 11 in Shields
  9626 | Lair:2   | Reached skill level 10 in Armour
  9802 | Lair:3   | Reached XP level 12. HP: 44/88 MP: 17/17
 10181 | Lair:3   | Noticed a four-headed hydra
 10324 | Lair:3   | Reached skill level 12 in Shields
 10514 | Lair:3   | Reached ***** piety under Cheibriados
 10670 | Lair:3   | Reached skill level 10 in Invocations
 10717 | Lair:3   | Reached skill level 1 in Throwing
 10717 | Lair:3   | Reached skill level 1 in Spellcasting
 10760 | Lair:3   | Found a staircase to the Shoals.
 10780 | Lair:3   | Lost mutation: Your natural rate of healing is unusually fast. [potion of cure mutation]
 10780 | Lair:3   | Lost mutation: Your system is resistant to poisons. (rPois) [potion of cure mutation]
 10780 | Lair:3   | Lost mutation: Your flesh is very heat resistant. (rF++) [potion of cure mutation]
 10780 | Lair:3   | Lost mutation: You occasionally shout uncontrollably at your foes. [potion of cure mutation]
 10789 | Lair:3   | Killed a four-headed hydra
 10798 | Lair:3   | Reached XP level 13. HP: 73/93 MP: 20/20
 11268 | D:9      | Found Ihaqemen's Antique Weapon Boutique.
 11275 | D:9      | Bought a faintly glowing quarterstaff for 225 gold pieces
 11275 | D:9      | Identified the +4 quarterstaff of Umido {flame, Fragile rF+ rC+++ SInv} (You bought it in a shop on level 9 of the Dungeon)
 11405 | D:9      | Got a pair of transparent gloves
 11416 | D:9      | Identified the +5 pair of gloves "Comom" {rC+ Int+9} (You found it on level 9 of the Dungeon)
 11810 | D:9      | Gained mutation: You have a somewhat thin skeletal structure. (Dex +2, Stealth) [mutagenic meat]
 11811 | D:9      | Lost mutation: Your flesh is heat resistant. (rF+) [mutagenic meat]
 11812 | D:9      | Gained mutation: Scrolls take you a little longer to read. [mutagenic meat]
 11813 | D:9      | Gained mutation: You have sharp toenails. [mutagenic meat]
 11814 | D:9      | Gained mutation: You occasionally shout uncontrollably at your foes. [mutagenic meat]
 11815 | D:9      | Gained mutation: You are partially covered in slimy green scales. (AC +2) [mutagenic meat]
 12115 | D:10     | Noticed Infinimo's ghost (novice DsBe)
 12116 | D:10     | Reached skill level 5 in Throwing
 12122 | D:10     | Killed Infinimo's ghost
 12122 | D:10     | Reached skill level 5 in Spellcasting
 12167 | D:10     | Gained mutation: You are resistant to hostile enchantments. (MR+) [potion of mutation]
 12167 | D:10     | Gained mutation: Your body sometimes deteriorates upon taking damage. [potion of mutation]
 12326 | D:10     | Gained mutation: You are partially covered in thin metallic scales. (AC +2) [mutagenic meat]
 12327 | D:10     | Lost mutation: You are resistant to hostile enchantments. (MR+) [mutagenic meat]
 12569 | D:11     | Found a portal to a secret trove of treasure.
 12808 | D:11     | Found a staircase to the Orcish Mines.
 13162 | D:13     | Reached skill level 13 in Shields
 13314 | D:13     | Noticed Snorg
 13330 | D:13     | Killed Snorg
 13401 | D:13     | Noticed a centaur warrior
 13410 | D:13     | Killed a centaur warrior
 13443 | D:13     | Upgraded the game from 0.20-a0-2-g2b0e13a to 0.20-a0-4-gd166d5d
 13517 | D:13     | Noticed Rupert
 13539 | D:13     | Killed Rupert
 13539 | D:13     | Reached XP level 14. HP: 82/101 MP: 23/23
 13551 | D:13     | Got a warped halberd
 13554 | D:13     | Identified the cursed +2 halberd of Prudence {antimagic, Dex+5} (You found it on level 13 of the Dungeon)
 13562 | D:13     | Noticed Urug
 13569 | D:13     | Killed Urug
 14450 | Lair:4   | Found a labyrinth entrance.
 14497 | Lab      | Entered a labyrinth
 14580 | Lab      | Got a twisted chain mail
 14594 | Lab      | Identified the cursed +0 chain mail "Xoedaog" {MR+ Regen+ Str-2} (You found it in a labyrinth)
 14960 | Lab      | Noticed kuniqs's ghost (journeyman DgWn)
 15323 | Lair:1   | Learned a level 2 spell: Passwall
 15326 | Lair:1   | Learned a level 2 spell: Slow
 15374 | D:8      | Upgraded the game from 0.20-a0-4-gd166d5d to 0.20-a0-275-ga90a6c4
 15496 | Lair:4   | Found a runed door.
 15858 | Lair:5   | Reached skill level 5 in Stealth
 16013 | Lair:4   | Noticed Kirke
 16033 | Lair:4   | Killed Kirke
 16218 | Lair:4   | Found a bloodstained altar of Trog.
 16636 | Lair:4   | Upgraded the game from 0.20-a0-275-ga90a6c4 to 0.21-a0-19-g210df22
 16807 | Lair:5   | Upgraded the game from 0.21-a0-19-g210df22 to 0.21-a0-33-g8b44e26
 16965 | Lair:5   | Found a viscous altar of Jiyva.
 16965 | Lair:5   | Found a staircase to the Slime Pits.
 17158 | Lair:6   | Entered Level 6 of the Lair of Beasts
 17314 | Lair:6   | Found a dark tunnel.
 17323 | Volcano  | Entered a volcano
 17365 | Volcano  | Reached ****** piety under Cheibriados
 17365 | Volcano  | Reached XP level 15. HP: 107/115 MP: 24/24
 17385 | Volcano  | Noticed jotwebe's ghost (journeyman DrTm)
 17414 | Volcano  | Killed jotwebe's ghost
 17455 | Volcano  | Reached skill level 10 in Fighting
 17466 | Volcano  | Found a bloodstained altar of Trog.
 17823 | Lair:6   | Reached skill level 10 in Stealth
 18874 | Lair:1   | Learned a level 1 spell: Freeze
 18879 | Lair:1   | Learned a level 4 spell: Petrify
 18888 | Lair:1   | Learned a level 1 spell: Summon Butterflies
 18923 | Lair:1   | Upgraded the game from 0.21-a0-33-g8b44e26 to 0.21-a0-113-g6841d05
 19035 | Orc:1    | Entered Level 1 of the Orcish Mines
 19081 | Orc:1    | Reached skill level 1 in Earth Magic
 19280 | Orc:1    | Reached skill level 1 in Transmutations
 19423 | Orc:1    | Found Myes Xah's Jewellery Shoppe.
 19431 | Orc:1    | Bought the ring of Shadows {Umbra +Inv Stlth+} for 720 gold pieces
 19658 | Orc:2    | Entered Level 2 of the Orcish Mines
 20035 | Orc:2    | Found Daxzea's Armour Shop.
 20035 | Orc:2    | Found Teemagi's Weapon Emporium.
 20080 | Orc:2    | Found a roughly hewn altar of Beogh.
 20105 | Orc:2    | Found Bamiur's General Store.
 20106 | Orc:2    | Found Xyacsy's Weapon Emporium.
 20115 | Orc:2    | Reached XP level 16. HP: 109/127 MP: 20/25
 20179 | Orc:2    | Found a staircase to the Elven Halls.
 20288 | Orc:2    | Reached skill level 5 in Earth Magic
 20784 | Orc:2    | Upgraded the game from 0.21-a0-113-g6841d05 to 0.21-a0-320-gefad53e
 20784 | Orc:2    | Upgraded the game from 0.21-a0-320-gefad53e to 0.21-a0-324-gfc3775b
 20784 | Orc:2    | Upgraded the game from 0.21-a0-324-gfc3775b to 0.22-a0-253-gf9d0ce56dd
 20888 | Elf:1    | Entered Level 1 of the Elven Halls
 20960 | Elf:1    | Reached skill level 5 in Transmutations
 21380 | Elf:1    | Identified the Catalogue of Dark Rituals
 21562 | Elf:1    | Cast into level 2 of the Abyss (deep elf annihilator)
 22006 | Abyss:3  | Noticed a tentacled starspawn
 22008 | Abyss:3  | Noticed a tentacled starspawn
 22019 | Abyss:3  | Killed a tentacled starspawn
 22043 | Abyss:3  | Killed a tentacled starspawn
 22047 | Abyss:3  | Noticed a tentacled starspawn
 22054 | Abyss:3  | Killed a tentacled starspawn
 22075 | Abyss:3  | Noticed a Hell Sentinel
 22081 | Abyss:3  | Killed from afar by a Hell Sentinel

Vault maps used:
D:1:      saegor_arrival_simple_c, serial_forest, infiniplex_forest_fountain,
          infiniplex_forest_lined_corner, infiniplex_forest_corner_1,
          infiniplex_forest_straight_4, infiniplex_forest_split
D:2:      kennysheep_vampire_church, uniq_robin, uniq_natasha
D:3:      lemuel_doored_altar, lemuel_coloured_pillars_altar,
          nicolae_overflow_hidden_temple, st_stairs_2
D:4:      nemelex_xobeh_ov_fountains_minmay, first_bread,
          hangedman_feature_mirror, uniq_edmund
D:5:      guppyfry_early_orc_mine
D:6:      nicolae_overflow_crystal_walls, kennysheep_little_box,
          nicolae_dithmenos_shadow_blocks, lemuel_crystal_altar,
          minmay_divided_ellipse
D:7:      kennysheep_okawaru_gauntlet, uniq_prince_ribbit1
D:8:      kennysheep_mini, kennysheep_mini_moat, lair_0_dummy, serial_shops,
          nicolae_shop_crystal
D:9:      serial_shops, nicolae_shop_competitors_out_of_business
D:10:     argonaut_augean_stables
D:11:     orc_0_dummy, enter_trove_1
D:12:     serial_shops, nicolae_shop_window_shopping, hangedman_stone_soup,
          serial_bayou_pond_d, grunt_ministairs_11
D:13:     minmay_coctagon, uniq_snorg, uniq_sonja, uniq_josephine, uniq_urug,
          uniq_rupert
Lair:1:   serial_bayou_ford_a, uniq_gastronok
Lair:2:   ldierk_geyser, minivault_23, serial_bayou_shore_a, lemuel_fruit_tree
Lair:3:   beast_lair_carwin_large_3, minmay_shoals_entry_beasts,
          nicolae_spider_entry_tight_spaces, nicolae_quartered_pool_little,
          forest_entry_grove
Lair:4:   basic_altar, lab_entry_generic, pf_torpor_hydra, serial_bayou_shore_b,
          uniq_kirke
Lair:5:   dpeg_slime_entry_enclosed_altar, columned_hall_lemuel,
          serial_bayou_pond_b, lemuel_old_faithful, lemuel_fruit_fields
Lair:6:   evilmike_catoblepas_cave, nicolae_volcano_entry_two_sided,
          infiniplex_staircase_pool, minmay_lair_oklob_chamber
Orc:1:    serial_shops, shop
Orc:2:    st_orc_town, nicolae_orc_damp_corner
Elf:1:    minmay_elf_necromancy
Abyss:2:  evilmike_abyss_exit_14
Abyss:3:  nicolae_abyss_rune_star_stuff
Lab:      labyrinth_watery, nicolae_lab_very_dead_end, labyrinth_lava_lair,
          nicolae_lab_hexagon
Volcano:  volcano_grotto

Skill      XL: |  1  2  3  4  5  6  7  8  9 10 11 12 13 14 15 16 |
---------------+-------------------------------------------------+-----
Armour         | 4 6 8 10 11 | 11.9
Shields        | 4 5 6 7 9 11 12 13 | 13.5
Staves         | 3 4 5 6 7 8 |  8.2
Fighting       | 4 5 6 9 11 | 11.9
Slings         | 1 |  1.3
Dodging        | 1 2 |  2.1
Maces & Flails | 2 6 7 |  7.9
Stealth        | 1 8 11 | 11.8
Invocations    | 4 7 10 | 10.4
Throwing       | 2 6 |  6.5
Spellcasting   | 2 6 |  6.1
Earth Magic    | 4 9 |  9.8
Transmutations | 4 9 |  9.0
Conjurations   | |  0.3

Action                   |  1- 3 |  4- 6 |  7- 9 | 10-12 | 13-15 | 16-18 || total
-------------------------+-------+-------+-------+-------+-------+-------++-------
Melee: Quarterstaff      |   131 |   159 |   225 |       |   981 |   285 ||  1781
       Mace              |       |       |    76 |       |       |       ||    76
       Dire flail        |       |       |   115 |    66 |       |       ||   181
       Morningstar       |       |       |       |   255 |     9 |       ||   264
 Fire: Hunting sling     |       |    21 |     4 |       |       |       ||    25
Throw: Javelin           |       |       |     1 |    12 |    55 |    14 ||    82
       Tomahawk          |       |       |       |       |    67 |    42 ||   109
 Cast: Magic Dart        |       |       |       |       |     5 |       ||     5
       Sandblast         |       |       |       |       |     3 |       ||     3
       Slow              |       |       |       |       |     1 |       ||     1
Invok: Bend Time         |       |       |     1 |     5 |     8 |     3 ||    17
       Slouch            |       |       |       |     3 |    16 |     8 ||    27
       Step From Time    |       |       |       |       |     1 |       ||     1
       Temporal Distorti |       |       |       |       |     3 |       ||     3
 Abil: Heal Wounds       |       |     3 |    10 |     3 |     6 |       ||    22
       Dig               |       |       |       |       |     1 |     3 ||     4
       Evoke Invisibilit |       |       |       |       |     1 |       ||     1
Evoke: Wand              |       |       |       |     6 |     7 |     2 ||    15
       Lamp of fire      |       |       |       |       |       |     1 ||     1
  Use: Scroll            |       |       |    11 |     7 |    15 |     1 ||    34
       Potion            |       |       |     5 |     3 |     4 |     7 ||    19
 Stab: Sleeping          |       |       |       |       |     3 |     7 ||    10
       Petrified         |       |       |       |       |     6 |       ||     6
       Distracted        |       |       |       |       |     2 |     1 ||     3
       Petrifying        |       |       |       |       |     1 |       ||     1
  Eat: Chunk             |     1 |     5 |    13 |     8 |    22 |       ||    49
       Ration            |       |       |     1 |       |     3 |     1 ||     5
       Buggy fruit       |       |       |       |       |     2 |       ||     2
       Buggy fruit       |       |       |       |       |     2 |       ||     2
Armor: Chain mail        |    61 |   121 |   194 |   180 |   438 |    82 ||  1076
Dodge: Dodged            |    30 |    61 |    97 |   125 |   378 |    77 ||   768
Block: Shield            |    51 |   101 |   242 |   274 |   895 |   188 ||  1751

Table legend:
 A = Spawn XP
 B = Non-spawn XP
 C = Spawn XP percentage of total XP
 D = Spawn monster count
 E = Non-spawn monster count
 F = Spawn count percentage of total count
 G = Total turns spent on level
                    A         B        C        D         E        F      G
               +---------+---------+-------+---------+---------+-------+---------
         Total |    9461 |   25168 |  27.3 |      19 |      56 |  25.3 |  1297
               +---------+---------+-------+---------+---------+-------+---------
         Elf:1 |       0 |   11705 |   0.0 |       0 |      24 |   0.0 |   674
       Abyss:2 |    1825 |    3707 |  33.0 |       2 |       7 |  22.2 |   258
       Abyss:3 |    7636 |    9756 |  43.9 |      17 |      25 |  40.5 |   261
               +---------+---------+-------+---------+---------+-------+---------
